 Dungeon Crawl Stone Soup version 0.28.0-45-g0d030f2227 (webtiles) character file.

Game seed: 3055831118240580977

408 Kziril the Skirmisher (level 6, -1/41 HPs)
             Began as a Gargoyle Fighter on Apr 20, 2022.
             Slain by an orc
             ... wielding a +0 falchion
              (3 damage)
             ... on level 4 of the Dungeon.
             The game lasted 00:15:42 (3492 turns).

Kziril the Skirmisher (Gargoyle Fighter)            Turns: 3492, Time: 00:15:42

Health: -1/41      AC: 17    Str: 19    XL:     6   Next: 88%
Magic:  6/6        EV:  7    Int:  9    God:
Gold:   123        SH:  5    Dex: 11    Spells: 5/5 levels left

rFire   . . .      SeeInvis .   a - +0 flail
rCold   . . .      Faith    .   c - +0 buckler
rNeg    + . .      Spirit   .   q - +0 chain mail
rPois   ∞          Reflect  .   i - +2 hat
rElec   +          Harm     .   (no cloak)
rCorr   .          Rampage  .   (no gloves)
Will    .....                   h - +0 pair of boots
Stlth   ..........              (no amulet)
HPRegen 0.13/turn               (no ring)
MPRegen 0.10/turn               (no ring)

@: no status effects
A: sickness immunity, AC +4, negative energy resistance 1, electricity
resistance, torment resistance 1, petrification resistance
a: no special abilities


You were on level 4 of the Dungeon.
You visited 1 branch of the dungeon, and saw 5 of its levels.

You collected 123 gold pieces.

Inventory:

Hand Weapons
 a - a +0 flail (weapon)
Armour
 c - a +0 buckler (worn)
 h - a +0 pair of boots (worn)
 i - a +2 hat (worn)
 q - a +0 chain mail (worn)
Wands
 j - a wand of digging (1)
 p - a wand of acid (9)
Scrolls
 e - 5 scrolls of identify {unknown}
 f - a scroll of teleportation {unknown}
 g - a scroll of blinking {unknown}
 m - a scroll of amnesia {unknown}
 n - a scroll of noise {unknown}
Potions
 d - 2 potions of might
 k - 3 potions of brilliance {unknown}
 l - a potion of curing {unknown}
 o - a potion of attraction {unknown}


   Skills:
 * Level 5.7 Fighting
 + Level 3.5 Maces & Flails
 + Level 4.6 Armour
 + Level 4.6 Shields


You had 5 spell levels left.
You didn't know any spells.
Your spell library contained the following spells:

 Spells                   Type           Power      Damage    Failure   Level
 Scorch                   Fire           0%         2d5       100%        2
 Stone Arrow              Conj/Erth      0%         3d7       100%        3
 Animate Armour           Summ/Erth      0%         N/A       100%        4
 Flame Wave               Conj/Fire      0%         2d4       100%        4
 Conjure Ball Lightning   Conj/Air       0%         3x3d6     100%        6
 Summon Cactus Giant      Summ           0%         N/A       100%        6
 Discord                  Hex            0%         N/A       100%        8
 Disjunction              Tloc           0%         N/A       100%        8
 Lehudib's Crystal Spear  Conj/Erth      0%         10d2      100%        8


Dungeon Overview and Level Annotations

Branches:
Dungeon (5/15)
 Temple: D:4-7

Altars:

Shops:
D:3 [(*


Innate Abilities, Weirdness & Mutations

You are immune to sickness and miasma.
Your stone body is resilient. (AC +4)
You are immune to poison.
You resist negative energy. (rN+)
You are resistant to electric shocks. (rElec)
You are resistant to unholy torment.
You are immune to petrification.


Message History

The orc priest calls down the wrath of Beogh upon you.
Beogh smites you! You block the orc's attack.
The orc hits you but does no damage.
The orc priest hits you but does no damage.
You block the orc's attack.
You barely miss the orc priest.
The orc priest is heavily wounded.
The orc hits you but does no damage.
The orc priest miscasts a cantrip.
The orc barely misses you. x2
You closely miss the orc priest.
The orc priest is heavily wounded.
The orc priest invokes the aid of Beogh against you.
Beogh smites you!
* * * LOW HITPOINT WARNING * * *
The orc hits you but does no damage. The orc barely misses you.
Unknown command.
You hit the orc priest but do no damage.
The orc priest is heavily wounded.
The orc priest barely misses you. The orc hits you but does no damage.
The orc closely misses you.
You barely miss the orc priest.
The orc priest is heavily wounded.
The orc priest mumbles some strange prayers to Beogh against you.
Pain shoots through your body!
* * * LOW HITPOINT WARNING * * *
The orc barely misses you. x2
The orc priest hits you but does no damage.
You hit the orc priest but do no damage.
The orc priest is heavily wounded.
You block the orc's attack. The orc hits you but does no damage.
The orc priest hits you with a +0 hand axe.
* * * LOW HITPOINT WARNING * * *
The orc hits you with a +0 falchion.
* * * LOW HITPOINT WARNING * * *
You completely miss the orc priest.
The orc priest is heavily wounded.
The orc hits you but does no damage. The orc priest barely misses you.
The orc hits you with a +0 falchion.
You die...

... .# #.## ## .....#
##.## ##. .....#
##.###.# ##. ...##
##.#.## # #.. ....#
##.## #..###.##.##.#
##.## #........##.#
#...# # #.o..##.#
#.#.# #..##@#.###.#
#.>.## #
#..>oo#.###.# ##....
##. ##.##o......##
#..## ...### #
#...)<...#####..##
.....# #
#......####........##
#..#.##.# ####....#
########... #.......#
####.# #.## #.##<..##
#.# #... #.#....#
##.## #.##


You could see an orc priest and 3 orcs.

Vanquished Creatures
  The ghost of CryoSword the Grasshopper, a weakling GnWr (D:3)
  Jessica (D:2)
  Natasha (thrice) (D:2)
  2 iguanas (D:4)
  2 orc wizards
  A hound skeleton (D:4)
  4 adders
  A worm (D:2)
  4 dart slugs
  7 orcs
  4 bats
  7 endoplasms
  6 giant cockroaches
  17 goblins
  8 hobgoblins
  2 jackals (D:2)
  4 quokkas
  6 ball pythons
  5 frilled lizards
  6 kobolds
  5 rats
96 creatures vanquished.

Vanquished Creatures (others)
  2 demonic plants (D:2)
  A fungus (D:2)
3 creatures vanquished.

Grand Total: 99 creatures vanquished

Notes
Turn   | Place    | Note
-------+----------+-------------------------------------------
     0 | D:1      | Kziril the Gargoyle Fighter began the quest for the Orb.
     0 | D:1      | Reached XP level 1. HP: 14/14 MP: 1/1
    86 | D:1      | Reached XP level 2. HP: 15/19 MP: 2/2
   241 | D:1      | Reached XP level 3. HP: 24/24 MP: 3/3
   517 | D:1      | Reached skill level 4 in Fighting
  1079 | D:2      | Reached XP level 4. HP: 29/29 MP: 4/4
  1560 | D:2      | Noticed Natasha
  1568 | D:2      | Killed Natasha
  1730 | D:2      | Reached XP level 5. HP: 31/34 MP: 5/5
  1799 | D:2      | Noticed Natasha
  1805 | D:2      | Killed Natasha
  1894 | D:2      | Found a faded altar of an unknown god.
  2061 | D:2      | Noticed Jessica
  2063 | D:2      | Killed Jessica
  2064 | D:2      | Noticed Natasha
  2072 | D:2      | Killed Natasha
  2073 | D:2      | Reached skill level 5 in Fighting
  2092 | D:3      | Found Uhasuyx's Antique Weapon Shoppe.
  2536 | D:3      | Reached XP level 6. HP: 40/40 MP: 6/6
  2601 | D:3      | Found a runed translucent door.
  2607 | D:3      | Noticed CryoSword's ghost (weakling GnWr)
  2638 | D:3      | Found Voatzam's General Store.
  2796 | D:3      | Found Cuadd's Armour Shop.
  2981 | D:3      | Killed CryoSword's ghost
  3421 | D:5      | Entered Level 5 of the Dungeon
  3491 | D:4      | HP: 1/41 [orc/+0 falchion (2)]
  3492 | D:4      | Slain by an orc

Illustrated notes

Levels and vault maps discovered:
D:1:      dpeg_arrival_solitude, layout_rooms
D:2:      layout_basic, shapermc_ecumenical_altar_gd, grunt_ministairs_6,
          chequers_serial_rivers_room_a, minmay_goblin_kobold_house,
          uniq_natasha, uniq_jessica
D:3:      layout_rooms, hellmonk_ghost_happy_afterlife, serial_shops, shop,
          shop, nicolae_shop_statue_plus
D:4:      layout_loops_cross
D:5:      layout_rooms, serial_shops, shop_fountains

Skill      XL: |  1  2  3  4  5 |
---------------+----------------+-----
Fighting       | 4 5 |  5.7
Shields        | 4 |  4.6
Armour         | 4 |  4.6
Maces & Flails | 3 |  3.5

Action                   |  1- 3 |  4- 6 || total
-------------------------+-------+-------++-------
Melee: Flail             |   106 |   241 ||   347
Armor: Scale mail        |    52 |   132 ||   184
       Chain mail        |       |    23 ||    23
Dodge: Dodged            |    36 |   121 ||   157
Block: Buckler           |    20 |    61 ||    81
